 Dungeon Crawl Stone Soup version 0.25.1-8-g42b30a86e7 (webtiles) character file.

Game seed: 2556965643828653448

12 Destapler the Skirmisher (level 2, 0/29 HPs)
             Began as a Gnoll Wanderer on Dec 14, 2020.
             Slain by an ooze (5 damage)
             ... on level 1 of the Dungeon.
             The game lasted 00:00:51 (299 turns).

Destapler the Skirmisher (Gnoll Wanderer)            Turns: 299, Time: 00:00:51

Health: 0/29       AC:  2    Str: 15    XL:     2   Next: 33%
Magic:  3/3        EV:  9    Int: 12    God:
Gold:   0          SH:  8    Dex: 15    Spells: 1/1 levels left

rFire    . . .     SeeInvis .   a - +0 spear
rCold    . . .     Gourm    .   c - +0 kite shield
rNeg     . . .     Faith    .   d - +0 robe
rPois    .         Spirit   .   (no helmet)
rElec    .         Reflect  .   (no cloak)
rCorr    .         Harm     .   (no gloves)
MR       .....                  (no boots)
Stlth    +++.......             (no amulet)
HPRegen  0.09/turn              (no ring)
MPRegen  0.08/turn              (no ring)

@: no status effects
A: distributed training, fangs 1, strong nose
a: no special abilities


You were on level 1 of the Dungeon.
You were not hungry.

You visited 1 branch of the dungeon, and saw 1 of its levels.

Inventory:

Hand Weapons
 a - a +0 spear (weapon)
 e - a +0 dagger
Armour
 c - a +0 kite shield (worn)
 d - a +0 robe (worn)
Scrolls
 b - 2 scrolls of teleportation
 g - a scroll of magic mapping {unknown}
 i - a scroll of fog {unknown}
 k - a scroll of fear {unknown}
 l - a scroll of identify {unknown}
Potions
 h - a potion of ambrosia {unknown}
Comestibles
 f - 2 rations
 j - 4 chunks of flesh


   Skills:
 + Level 6.4 Fighting
 + Level 4.4 Short Blades
 + Level 0.3 Long Blades
 + Level 0.3 Axes
 + Level 0.3 Maces & Flails
 + Level 2.4 Polearms
 + Level 0.3 Staves
 + Level 0.3 Slings
 + Level 0.3 Bows
 + Level 0.3 Crossbows
 + Level 0.3 Throwing
 + Level 0.3 Armour
 + Level 0.3 Dodging
 + Level 4.0 Stealth
 + Level 2.4 Shields
 + Level 0.3 Unarmed Combat
 + Level 0.3 Spellcasting
 + Level 0.2 Conjurations
 + Level 0.2 Hexes
 + Level 0.2 Charms
 + Level 0.2 Summonings
 + Level 0.2 Necromancy
 + Level 0.2 Translocations
 + Level 0.2 Transmutations
 + Level 0.2 Fire Magic
 + Level 0.2 Ice Magic
 + Level 0.2 Air Magic
 + Level 0.2 Earth Magic
 + Level 0.2 Poison Magic
 + Level 0.4 Invocations
 + Level 2.4 Evocations


You had one spell level left.
You didn't know any spells.
Your spell library was empty.

Dungeon Overview and Level Annotations

Branches:
Dungeon (1/15)

Altars:


Innate Abilities, Weirdness & Mutations

Your experience applies equally to all skills.
You have very sharp teeth.
Your uncanny sense of smell can sniff out nearby items.


Message History

You hit the rat but do no damage.
The rat is moderately wounded.
The rat barely misses you. You block the rat's attack.
You hit the rat.
You kill the rat!
The ooze hits you.
* * * LOW HITPOINT WARNING * * *
You hit the ooze.
The ooze is almost dead.
You block the ooze's attack.
You hit the ooze.
The ooze is almost dead.
You block the ooze's attack.
You hit the ooze but do no damage.
The ooze is almost dead.
The ooze barely misses you.
You hit the ooze but do no damage.
The ooze is almost dead.
The ooze hits you.
You die...

....# #...#
#...# ###
#...# ..#
#.)(# . #.#
#..# #.. #.#
#..#
.....#.##..#
.......@J..#
=.(..#.##.##
#.. #. #..#
# ##.##..#
#......#
#.####..#
#..# #..#
####..##


You could see an ooze.

Vanquished Creatures
  A bat (D:1)
  A giant cockroach (D:1)
  3 goblins (D:1)
  A hobgoblin (D:1)
  2 frilled lizards (D:1)
  2 kobolds (D:1)
  2 rats (D:1)
12 creatures vanquished.

Notes
Turn   | Place    | Note
-------+----------+-------------------------------------------
     0 | D:1      | Destapler the Gnoll Wanderer began the quest for the Orb.
     0 | D:1      | Destapler set off with the following items: a +0 spear, a
                  | scroll of teleportation, a +0 kite shield, a +0 robe, a +0
                  | dagger, a ration
     0 | D:1      | Reached XP level 1. HP: 23/23 MP: 2/2
   259 | D:1      | Reached XP level 2. HP: 29/29 MP: 3/3
   299 | D:1      | Slain by an ooze

Illustrated notes

Levels and vault maps discovered:
D:1:      minmay_arrival_loop, layout_loops_ring, minmay_tromino_i2

Action                   || total
-------------------------++-------
Melee: Spear             ||    49
       Bite              ||     2
 Stab: Sleeping          ||     2
Armor: Robe              ||     5
Dodge: Dodged            ||    21
Block: Kite shield       ||    22
